 Dungeon Crawl Stone Soup version 0.27.1-33-g824d729ab1 (webtiles) character file.

Game seed: 5174293103724939364

58 Destapler the Conjurer (level 3, -2/29 HPs)
             Began as a Draconian Conjurer on Nov 28, 2021.
             Slain by Terence (4 damage)
             ... on level 2 of the Dungeon.
             The game lasted 00:05:04 (2084 turns).

Destapler the Conjurer (Draconian Conjurer)         Turns: 2084, Time: 00:05:05

Health: -2/29      AC:  5    Str:  9    XL:     3   Next: 75%
Magic:  0/6        EV: 12    Int: 19    God:
Gold:   105        SH:  0    Dex: 15    Spells: 5/6 levels left

rFire    . . .     SeeInvis .   b - +0 dagger
rCold    . . .     Faith    .   (no shield)
rNeg     . . .     Spirit   .   (armour unavailable)
rPois    .         Reflect  .   (helmet restricted)
rElec    .         Harm     .   (no cloak)
rCorr    .         Rampage  .   (no gloves)
Will     .....                  (no boots)
Stlth    ++........             (no amulet)
HPRegen  0.09/turn              f - +6 ring of dexterity
MPRegen  0.10/turn              (no ring)

@: no status effects
A: AC +5, unfitting armour, cold-blooded
a: no special abilities


You were on level 2 of the Dungeon.
You visited 1 branch of the dungeon, and saw 2 of its levels.

You collected 105 gold pieces.

Inventory:

Hand Weapons
 b - a +0 dagger (weapon)
Missiles
 a - 77 stones
Jewellery
 f - a +6 ring of dexterity (left hand)
Scrolls
 d - a scroll of amnesia {unknown}
 e - a scroll of immolation {unknown}
 h - a scroll of identify {unknown}


   Skills:
 + Level 2.0 Fighting
 + Level 2.5 Dodging
 + Level 2.7 Stealth
 - Level 2.0 Spellcasting
 - Level 4.0 Conjurations


You had 5 spell levels left.
You knew the following spells:

 Your Spells              Type           Power      Damage    Failure   Level
a - Magic Dart            Conj           68%        1d6       3%          1

Your spell library contained the following spells:

 Spells                   Type           Power      Damage    Failure   Level
 Searing Ray              Conj           34%        3d4       4%          2
 Dazzling Flash           Conj/Hex       18%        N/A       22%         3
 Frozen Ramparts          Ice            2%         1d2       45%         3
 Fulminant Prism          Conj/Hex       4%         3d6       58%         4
 Iskenderun's Mystic Bla  Conj/Tloc      9%         2d4       58%         4
 Ice Form                 Ice/Tmut       1%         N/A       86%         4
 Summon Ice Beast         Ice/Summ       1%         N/A       86%         4


Dungeon Overview and Level Annotations

Branches:
Dungeon (2/15)

Altars:
Yredelemnul

Annotations:
D:2 Terence


Innate Abilities, Weirdness & Mutations

Your plain brown scales are hard. (AC +5)
You cannot fit into any form of body armour.
You are cold-blooded and may be slowed by cold attacks.


Message History

The worm closely misses you.
You completely miss Terence. Terence barely misses you. The worm bites you!
* * * LOW HITPOINT WARNING * * *
Terence screams, "I want your blood!" Terence barely misses you.
Terence hits you but does no damage.
You hear a zap.
Some rock shatters into small pieces.
The magic dart hits the worm.
The worm is lightly wounded.
The magic dart hits the worm.
The worm is heavily wounded.
Terence zaps a wand.
Some rock shatters into small pieces.
The now-empty wand crumbles to dust.
You are too depleted to draw on your mana recklessly!
You are too depleted to draw on your mana recklessly!
You are too depleted to draw on your mana recklessly!
You are too depleted to draw on your mana recklessly!
It was a potion of cancellation.
You feel magically purged.
As you read the scroll labelled WIPSACKABBE, it crumbles to dust.
Wisps of shadow whirl around you...
It was a scroll of summoning.
You hit the worm. You tail-slap the worm.
The worm is severely wounded.
Your bat barely misses the worm.
The worm bites you.
* * * LOW HITPOINT WARNING * * *
Terence closely misses you.
Your goblin hits the worm with a +0 club.
You hit the worm but do no damage.
Your tail-slap misses the worm.
The worm is severely wounded.
Your bat hits Terence but does no damage. x2
Terence says, "You're history."
Terence hits you from afar with a +0 trident.
* * * LOW HITPOINT WARNING * * *
The worm closely misses you.
Your goblin hits the worm with a +0 club.
You completely miss the worm.
The worm is almost dead.
Your bat completely misses Terence.
Your bat barely misses Terence.
Terence hits you from afar with a +0 trident.
You die...

....................
.......##.#####.#.##
######.##<#####.#.###
#.##.......#.#.#
#.##########... #.#
#h# .## #.# ##.h# .P♣
#.# ####.#h# ♣≈≈♣ #.#
#..@w@h♣♣♣≈P♣
######.#
#..g###♣♣P.P♣
.......# #..#♣♣
♣P≈♣♣♣♣♣ # ########
#...P♣♣♣♣≈..P♣≈♣P#
###
#....≈≈≈..≈≈≈≈≈≈..
..###
#..#♣♣♣♣♣.≈≈P≈≈P♣
#.#.###### #..#
♣≈≈≈♣♣♣♣♣ #†........
...# ♣♣≈≈♣
#.#.#######...#
♣≈≈♣♣####


You could see Terence, a worm (ally target), 4 friendly jackals and a friendly
goblin (summoned).

Vanquished Creatures
  A gnoll (D:1)
  An adder (D:2)
  A dart slug (D:1)
  3 endoplasms
  3 giant cockroaches
  3 goblins
  9 hobgoblins
  3 ball pythons (D:1)
  A bat (D:2)
  3 frilled lizards (D:2)
  4 kobolds (D:2)
  2 rats (D:2)
34 creatures vanquished.

Notes
Turn   | Place    | Note
-------+----------+-------------------------------------------
     0 | D:1      | Destapler the Draconian Conjurer began the quest for the
                  | Orb.
     0 | D:1      | Reached XP level 1. HP: 14/14 MP: 3/3
   253 | D:1      | Reached XP level 2. HP: 18/22 MP: 5/5
   269 | D:1      | Reached skill level 1 in Fighting
   870 | D:1      | HP: 1/23 [frozen (3)]
   921 | D:1      | Reached XP level 3. HP: 2/28 MP: 4/6
  1469 | D:2      | Found a basalt altar of Yredelemnul.
  2056 | D:2      | Noticed Terence
  2084 | D:2      | Slain by Terence

Illustrated notes

Levels and vault maps discovered:
D:1:      minmay_arrival_nine_rooms, layout_basic
D:2:      layout_loops_ring, basic_altar, serial_bayou_crossing, uniq_terence

Skill      XL: |  1  2  3 |
---------------+----------+-----
Dodging        | 2 |  2.5
Stealth        | 2 |  2.7
Fighting       | 1 2 |  2.0
Spellcasting   | |  2.0
Conjurations   | |  4.0

Action                   || total
-------------------------++-------
Melee: Dagger            ||    61
       Tailslap          ||     4
Throw: Stone             ||    11
 Cast: Magic Dart        ||    75
  Use: Scroll            ||     1
       Potion            ||     1
Armor: Skin              ||    12
Dodge: Dodged            ||    44
